 Dungeon Crawl Stone Soup version 0.28.0 (webtiles) character file.

Game seed: 15554638949358578739

732 wat the Covered (level 7, -1/44 HPs)
             Began as a Gargoyle Fighter on Feb 7, 2022.
             Slain by a phantom (4 damage)
             ... on level 5 of the Dungeon.
             The game lasted 00:04:11 (3519 turns).

wat the Covered (Gargoyle Fighter)                  Turns: 3519, Time: 00:04:11

Health: -1/44      AC: 17    Str: 19 (22) XL:     7   Next: 73%
Magic:  7/7        EV:  5    Int:  5 (8)  God:
Gold:   127        SH:  4    Dex:  8 (9)  Spells: 6/6 levels left

rFire   . . .      SeeInvis .   a - +0 war axe
rCold   + . .      Faith    .   c - +0 buckler
rNeg    + . .      Spirit   .   f - +0 plate armour
rPois   ∞          Reflect  .   (no helmet)
rElec   +          Harm     .   (no cloak)
rCorr   .          Rampage  .   (no gloves)
Will    .....                   (no boots)
Stlth   ..........              (no amulet)
HPRegen 0.14/turn               u - ring of flight
MPRegen 0.10/turn               x - ring of protection from cold

@: mighty, about to teleport, flying
A: sickness immunity, AC +4, negative energy resistance 1, electricity
resistance, torment resistance 1, petrification resistance
a: no special abilities


You were on level 5 of the Dungeon.
You visited 1 branch of the dungeon, and saw 5 of its levels.

You collected 127 gold pieces.

Inventory:

Hand Weapons
 a - a +0 war axe (weapon)
 b - a +0 hunting sling
Missiles
 m - 59 stones (quivered)
Armour
 c - a +0 buckler (worn)
 f - a +0 plate armour (worn)
 l - a +0 scale mail
 v - an orb of light
Magical Staves
 w - a staff of poison
Jewellery
 u - a ring of flight (left hand)
 x - a ring of protection from cold (right hand)
Scrolls
 g - 4 scrolls of identify {unknown}
 j - a scroll of silence {unknown}
 k - a scroll of amnesia {unknown}
 o - a scroll of fog
 p - 2 scrolls of teleportation
 r - a scroll of magic mapping {unknown}
 s - a scroll of fear {unknown}
 t - a scroll of summoning {unknown}
Potions
 d - a potion of might
 e - a potion of heal wounds {unknown}
 h - 2 potions of flight
 i - a potion of curing {unknown}
 n - a potion of degeneration
 q - a potion of brilliance {unknown}


   Skills:
 + Level 5.5 Fighting
 + Level 4.1 Axes
 + Level 5.5 Armour
 + Level 5.5 Shields


You had 6 spell levels left.
You didn't know any spells.
Your spell library contained the following spells:

 Spells                   Type           Power      Damage    Failure   Level
 Apportation              Tloc           0%         N/A       100%        1
 Summon Small Mammal      Summ           0%         N/A       100%        1
 Call Canine Familiar     Summ           0%         N/A       100%        3
 Summon Guardian Golem    Hex/Summ       0%         N/A       100%        3
 Alistair's Intoxication  Tmut/Pois      0%         N/A       100%        5
 Borgnjor's Revivificati  Necr           0%         N/A       100%        8
 Necromutation            Tmut/Necr      0%         N/A       100%        8
 Death's Door             Necr           0%         N/A       100%        9


Dungeon Overview and Level Annotations

Branches:
Dungeon (5/15)
 Temple: D:4-7

Altars:

Shops:
D:3 (


Innate Abilities, Weirdness & Mutations

You are immune to sickness and miasma.
Your stone body is resilient. (AC +4)
You are immune to poison.
You resist negative energy. (rN+)
You are resistant to electric shocks. (rElec)
You are resistant to unholy torment.
You are immune to petrification.


Message History

* * * LOW HITPOINT WARNING * * *
The lemure hits you.
* * * LOW HITPOINT WARNING * * *
You slash Pikel!
Pikel is severely wounded.
You slash the lemure!
You kill the lemure!
That felt strangely unrewarding.
You block Pikel's attack. The phantom barely misses you.
Pikel barely misses you.
You hit Pikel.
Pikel is almost dead.
You closely miss the phantom. The phantom hits you.
* * * LOW HITPOINT WARNING * * *
Pikel hits you but does no damage.
You slash Pikel!
You kill Pikel!
You barely miss the phantom.
With Pikel's spell broken, his former minions thank you for their freedom.
The lemure departs this earthly plane. x2
The phantom hits you but does no damage. x2
Your Fighting skill increases to level 5!
Your Axes skill increases to level 4!
Your Armour skill increases to level 5!
Your Shields skill increases to level 5!
You have reached level 7!
It was a potion of flight.
You feel more buoyant.
The orc throws a boomerang.
The boomerang barely misses you. You block the phantom's attack.
It was a potion of degeneration.
There was something very wrong with that liquid.
You feel weakened.
You feel dopey.
You feel clumsy.
The phantom hits you but does no damage.
You block the orc's attack.
As you read the scroll labelled UGHOFEUN ZOEVIE, it crumbles to dust.
You feel strangely unstable.
It was a scroll of teleportation.
The phantom hits you but does no damage.
The orc hits you but does no damage.
As you read the scroll labelled AMUQEA JUGOEGG, it crumbles to dust.
The scroll dissolves into smoke.
It was a scroll of fog.
The phantom hits you.
You die...

###..### #...<......
#....##.....##......
#####.##.#..#.##
#......
###..........##
.......
.#...###.##.....
########
............###.#
#..###..###.###.##
#...###§§.....
##...o@§#...
###..§##W# ##
#.......O§.
........#....###..
.......<[....... ##
.....(..#.......
..............#..
.........##.....#
........# ...#.


You could see a phantom, an ogre and an orc.

Vanquished Creatures
  Pikel (D:5)
  A necrophage (D:3)
  A lemure (D:5)
  An orc priest (D:5)
  7 adders
  4 dart slugs
  12 orcs
  4 ball pythons
  9 endoplasms
  2 giant cockroaches (D:4)
  7 goblins
  8 hobgoblins
  8 jackals (D:3)
  6 kobolds
  3 quokkas
  4 bats
  A frilled lizard (D:1)
  A quokka skeleton (D:2)
  4 rats
84 creatures vanquished.

Notes
Turn   | Place    | Note
-------+----------+-------------------------------------------
     0 | D:1      | wat the Gargoyle Fighter began the quest for the Orb.
     0 | D:1      | Reached XP level 1. HP: 14/14 MP: 1/1
     6 | D:1      | Found a faded altar of an unknown god.
   143 | D:1      | Reached XP level 2. HP: 17/19 MP: 2/2
   709 | D:2      | Reached XP level 3. HP: 20/24 MP: 3/3
  1012 | D:2      | Reached XP level 4. HP: 26/29 MP: 4/4
  1491 | D:3      | Found Inoe's Weapon Shop.
  1801 | D:3      | Noticed a necrophage
  1814 | D:3      | Killed a necrophage
  1815 | D:3      | Reached XP level 5. HP: 30/34 MP: 5/5
  2947 | D:4      | Reached XP level 6. HP: 39/39 MP: 6/6
  3113 | D:5      | Entered Level 5 of the Dungeon
  3489 | D:5      | Noticed Pikel
  3515 | D:5      | Killed Pikel
  3516 | D:5      | Reached skill level 5 in Fighting
  3516 | D:5      | Reached skill level 5 in Armour
  3516 | D:5      | Reached skill level 5 in Shields
  3516 | D:5      | Reached XP level 7. HP: 2/44 MP: 7/7
  3519 | D:5      | Slain by a phantom

Illustrated notes

Levels and vault maps discovered:
D:1:      scummos_arrival_forest, layout_rooms,
          hellmonk_ecumenical_altar_pennies_from_heaven,
          minmay_misc_feat_encased, roderic_serpentine_path
D:2:      layout_basic, minmay_cupped
D:3:      layout_basic, serial_curves, eino_curves_04, eino_curves_03,
          serial_shops, nicolae_shop_trees
D:4:      layout_loops_ring
D:5:      layout_rooms, nicolae_ru_the_path_less_chosen, temple_pool_b,
          uniq_pikel, uniq_menkaure

Skill      XL: |  1  2  3  4  5  6 |
---------------+-------------------+-----
Axes           | 2 3 4 |  4.1
Armour         | 4 5 |  5.5
Fighting       | 4 5 |  5.5
Shields        | 4 5 |  5.5

Action                   |  1- 3 |  4- 6 |  7- 9 || total
-------------------------+-------+-------+-------++-------
Melee: War axe           |    83 |   177 |       ||   260
  Use: Potion            |       |     1 |     2 ||     3
       Scroll            |       |       |     2 ||     2
Armor: Plate armour      |    72 |   161 |     3 ||   236
       Scale mail        |     3 |       |       ||     3
Dodge: Dodged            |    21 |    79 |     1 ||   101
Block: Buckler           |    20 |    60 |     2 ||    82
